 Dungeon Crawl Stone Soup version 0.28.0-53-g5a82cb258f (webtiles) character file.

Game seed: 6169808385966888901

4072 Labrat the Thaumaturge (level 9, 0/74 HPs)
             Began as a Demigod Conjurer on Aug 13, 2022.
             Slain by a centaur warrior (7 damage)
             ... on level 8 of the Dungeon.
             The game lasted 00:25:52 (8452 turns).

Labrat the Thaumaturge (Demigod Conjurer)           Turns: 8452, Time: 00:25:53

Health: 0/74       AC: 14    Str:  8    XL:     9   Next: 76%
Magic:  19/25      EV: 12    Int: 32    God:
Gold:   348        SH:  0    Dex: 12    Spells: 17/24 levels left

rFire   . . .      SeeInvis .   x - +4 flail (protect)
rCold   . . .      Faith    .   (no shield)
rNeg    . . .      Spirit   .   H - +0 steam dragon scales
rPois   .          Reflect  .   (no helmet)
rElec   .          Harm     .   u - +2 cloak
rCorr   .          Rampage  .   (no gloves)
Will    .....                   G - +1 pair of boots
Stlth   ++........              c - amulet of magic regeneration
HPRegen 0.22/turn               b - +4 ring of protection
MPRegen 0.59/turn               (no ring)

@: no status effects
A: high MP 1, forlorn, divine attributes
a: no special abilities


You were on level 8 of the Dungeon.
You visited 2 branches of the dungeon, and saw 9 of its levels.
You also visited: Sewer.

You collected 348 gold pieces.

Inventory:

Hand Weapons
 x - a +4 flail of protection (weapon)
Missiles
 n - 4 javelins
 r - 3 poisoned darts
Armour
 u - a +2 cloak (worn)
 y - a +2 robe of the Archmagi
 G - a +1 pair of boots (worn)
 H - +0 steam dragon scales (worn)
Jewellery
 b - a +4 ring of protection (left hand)
 c - an amulet of magic regeneration (around neck)
 l - an amulet of the acrobat
 t - a ring of flight
 F - a ring of ice
 K - a ring of poison resistance
Wands
 v - a wand of polymorph (14)
 A - a wand of digging (9)
 E - a wand of flame (23)
Scrolls
 d - 2 scrolls of immolation {unknown}
 e - 2 scrolls of fog {unknown}
 f - a scroll of amnesia {unknown}
 g - 3 scrolls of holy word {unknown}
 h - a scroll of vulnerability {unknown}
 i - a scroll of enchant weapon {unknown}
 j - 4 scrolls of identify {unknown}
 m - a scroll of teleportation {unknown}
 p - 3 scrolls of fear {unknown}
 s - a scroll of silence {unknown}
 z - a scroll of torment {unknown}
 L - a scroll of magic mapping {unknown}
 M - a scroll of blinking {unknown}
Potions
 a - a potion of ambrosia {unknown}
 k - a potion of heal wounds {unknown}
 q - 2 potions of haste
 w - a potion of mutation {unknown}
 B - a potion of flight {unknown}
 C - a potion of lignification {unknown}
 D - a potion of might {unknown}
 I - a potion of brilliance {unknown}
 J - a potion of berserk rage {unknown}
 N - a potion of resistance {unknown}
Miscellaneous
 o - a piece from Xom's chessboard (14/15)


   Skills:
 - Level 5.0 Fighting
 - Level 1.7 Dodging
 - Level 1.7 Stealth
 + Level 8.1 Spellcasting
 - Level 8.0 Conjurations
 - Level 5.0 Evocations


You had 17 spell levels left.
You knew the following spells:

 Your Spells              Type           Power      Damage    Failure   Level
a - Magic Dart            Conj           100%       1d8       1%          1
b - Searing Ray           Conj           100%       2d8       1%          2
c - Iskenderun's Mystic   Conj/Tloc      38%        2d9       7%          4

Your spell library contained the following spells:

 Spells                   Type           Power      Damage    Failure   Level
 Conjure Flame            Conj/Fire      38%        6-21      2%          3
 Dazzling Flash           Conj/Hex       76%        N/A       2%          3
 Fulminant Prism          Conj/Hex       19%        3d11      7%          4
 Sticky Flame             Conj/Fire      38%        2d6       7%          4
 Frozen Ramparts          Ice            26%        1d4       11%         3
 Ignite Poison            Fire/Tmut/Pois 13%        N/A       11%         3
 Animate Armour           Summ/Erth      26%        N/A       36%         4
 Ice Form                 Ice/Tmut       13%        N/A       36%         4
 Summon Ice Beast         Ice/Summ       13%        N/A       36%         4
 Blade Hands              Tmut           6%         N/A       71%         5
 Summon Forest            Summ/Tloc      6%         N/A       71%         5
 Summon Mana Viper        Hex/Summ       13%        N/A       71%         5
 Iron Shot                Conj/Erth      19%        9d4       73%         6
 Starburst                Conj/Fire      19%        6d7       73%         6
 Summon Cactus Giant      Summ           6%         N/A       99%         6


Dungeon Overview and Level Annotations

Branches:
Dungeon (8/15)             Temple (1/1) D:7           Sewer (visited)
   Lair: D:8-11


Innate Abilities, Weirdness & Mutations

You have an increased reservoir of magic. (+10% MP)
You shall have no god before yourself.
Your divine heritage dramatically boosts your attributes as you level up.


Message History

The centaur warrior is lightly wounded.
The centaur warrior shoots an arrow.
The arrow hits you!
* * * LOW HITPOINT WARNING * * *
The centaur warrior shoots an arrow.
The arrow hits you!
* * * LOW HITPOINT WARNING * * *
The searing ray hits the centaur warrior.
The centaur warrior is moderately wounded.
The centaur warrior shoots an arrow.
The arrow closely misses you.
Unknown command.
Casting: Searing Ray (safe; 1% risk of failure)
Confirm with . or Enter, or press ? or * to list all spells.
Restarting spell: Searing Ray (safe; 1% risk of failure)
Press: ? - help, Shift-Dir - straight line, f/p - centaur warrior
Aim: a centaur warrior, wielding a +0 longbow and quivering arrows (moderately wounded, 87% to hit)
The searing ray hits the centaur warrior.
The centaur warrior is moderately wounded. (Press . to maintain the ray.)
The centaur warrior unwields a +0 longbow.
The centaur warrior hits you.
* * * LOW HITPOINT WARNING * * *
The centaur warrior kicks you but does no damage.
The searing ray hits the centaur warrior!
The centaur warrior is heavily wounded.
The centaur warrior closely misses you.
The centaur warrior kicks you but does no damage.
The searing ray hits the centaur warrior!
The centaur warrior is severely wounded.
The centaur warrior closely misses you. The centaur warrior barely misses you.
Unknown command.
Casting: Searing Ray (safe; 1% risk of failure)
Confirm with . or Enter, or press ? or * to list all spells.
Restarting spell: Searing Ray (safe; 1% risk of failure)
Press: ? - help, Shift-Dir - straight line, f/p - centaur warrior
Aim: a centaur warrior, quivering arrows (severely wounded, 87% to hit)
Okay, then.
The searing ray hits the centaur warrior.
The centaur warrior is severely wounded.
You finish channelling your searing ray.
The centaur warrior hits you!
You die...

..............≈...#
#+#..........≈≈≈..#
#..........≈≈≈..#
#..........≈≈≈..####
#.........≈≈≈≈≈....#
#.........≈≈≈≈≈.##.##
...≈≈≈≈≈.....#
...#.####.....#
......c@......#
...#######...## ...##
.### . ..


You could see a centaur warrior.

Vanquished Creatures
  Pikel (D:4)
  Eustachio (D:5)
  5 yaks
  2 steam dragons (D:6)
  Edmund (D:5)
  A water moccasin (D:5)
  3 ice beasts
  2 black bears
  An orc warrior (D:5)
  A sky beast (D:6)
  2 necrophages (D:6)
  An ogre (D:5)
  A lemure (D:5)
  A gnoll sergeant (D:7)
  3 bullfrogs
  2 scorpions (D:4)
  An electric eel (D:8)
  4 howler monkeys
  2 bullfrog zombies (D:6)
  A centaur zombie (D:7)
  An orc priest (D:3)
  A hound (D:3)
  2 bullfrog skeletons (D:5)
  Crazy Yiuf (D:2)
  A gnoll shaman (D:4)
  Natasha (thrice) (D:2)
  An iguana (D:5)
  Ijyb (D:5)
  2 orc wizards
  A centaur simulacrum (D:8)
  A howler monkey zombie (D:4)
  Robin (D:3)
  8 gnolls
  A howler monkey skeleton (D:7)
  7 adders
  3 white imps
  2 worms
  15 orcs
  18 endoplasms
  8 giant cockroaches
  7 hobgoblins
  6 jackals (D:2)
  9 quokkas
  16 ball pythons
  12 bats
  8 frilled lizards
  8 goblins
  7 kobolds
  3 rats
190 creatures vanquished.

Vanquished Creatures (others)
  3 bushes (D:4)
  9 plants (D:4)
12 creatures vanquished.

Grand Total: 202 creatures vanquished

Notes
Turn   | Place    | Note
-------+----------+-------------------------------------------
     0 | D:1      | Labrat the Demigod Conjurer began the quest for the Orb.
     0 | D:1      | Reached XP level 1. HP: 14/14 MP: 5/5
   403 | D:1      | Reached XP level 2. HP: 20/20 MP: 5/7
   406 | D:1      | Learned a level 2 spell: Searing Ray
  1563 | D:2      | Reached XP level 3. HP: 26/26 MP: 6/9
  1604 | D:2      | Found a runed translucent door.
  1605 | D:2      | Noticed Crazy Yiuf
  1849 | D:2      | Noticed Natasha
  2136 | D:2      | Killed Natasha
  2137 | D:2      | Reached XP level 4. HP: 33/33 MP: 6/11
  2263 | D:2      | Noticed Natasha
  2269 | D:2      | Killed Natasha
  2469 | D:2      | Noticed Natasha
  2474 | D:2      | Killed Natasha
  2569 | D:3      | Noticed Robin
  2582 | D:3      | Killed Robin
  2685 | D:3      | Reached XP level 5. HP: 38/38 MP: 11/13
  2785 | D:3      | Reached skill level 5 in Conjurations
  2805 | D:3      | Found a glowing drain.
  2814 | Sewer    | Entered a sewer
  3121 | Sewer    | Reached XP level 6. HP: 45/45 MP: 10/16
  3129 | Sewer    | Reached skill level 5 in Spellcasting
  3416 | D:3      | Reached skill level 1 in Fighting
  3895 | D:3      | Learned a level 4 spell: Iskenderun's Mystic Blast
  4012 | D:4      | Noticed a yak
  4013 | D:4      | Noticed a yak
  4142 | D:4      | Reached XP level 7. HP: 57/57 MP: 12/17
  4336 | D:4      | Killed a yak
  4345 | D:4      | Noticed a yak
  4346 | D:4      | Noticed a yak
  4350 | D:4      | Noticed a yak
  4358 | D:3      | Killed a yak
  4359 | D:3      | Reached skill level 5 in Fighting
  4410 | D:3      | Killed a yak
  4729 | D:4      | Killed a yak
  4730 | D:4      | Reached XP level 8. HP: 66/68 MP: 16/20
  5361 | D:2      | Killed Crazy Yiuf
  5412 | D:5      | Entered Level 5 of the Dungeon
  5571 | D:5      | Noticed Eustachio
  5635 | D:5      | Noticed Pikel
  5899 | D:4      | Killed Pikel
  5956 | D:5      | Noticed Edmund
  5981 | D:5      | Killed Edmund
  6179 | D:5      | Reached XP level 9. HP: 74/74 MP: 20/23
  6186 | D:5      | Noticed Ijyb
  6202 | D:5      | Killed Ijyb
  6564 | D:5      | Killed Eustachio
  6877 | D:6      | Reached skill level 1 in Evocations
  7686 | D:7      | Reached skill level 5 in Evocations
  7953 | D:7      | Found a staircase to the Ecumenical Temple.
  7991 | Temple   | Entered the Ecumenical Temple
  8440 | D:8      | Noticed a centaur warrior
  8452 | D:8      | Slain by a centaur warrior

Illustrated notes

Levels and vault maps discovered:
D:1:      dpeg_arrival_round_b, layout_basic
D:2:      layout_basic, uniq_natasha, uniq_crazy_yiuf_cottage
D:3:      layout_loops_corners, portal_sewer_entry_d,
          hellmonk_ecumenical_altar_pennies_from_heaven,
          kennysheep_generic_room_6, uniq_robin
D:4:      layout_loops_ring, serial_forest, infiniplex_forest_lined_2,
          infiniplex_forest_clump_curved, infiniplex_forest_clump_small,
          infiniplex_forest_lined_2, infiniplex_forest_clump_diagonal,
          infiniplex_forest_end_1
D:5:      layout_basic, serial_bayou_pond_e, nicolae_sextant,
          minmay_misc_feat_pillars, minivault_25, uniq_pikel, uniq_ijyb,
          uniq_edmund, uniq_eustachio
D:6:      layout_rooms, overflow_temple_1_default, lemuel_old_faithful
D:7:      layout_cave_pods, temple_green, nicolae_elevator_lobby_asterisk
D:8:      minmay_bubble_buster, layout_gridville,
          mainiacjoe_overflow_surrounded_room, serial_ice, serial_ice_m,
          serial_ice_d, serial_ice_b, serial_ice_l, serial_ice_a
Temple:   regret_index_temple_chain_breaker

Skill      XL: |  1  2  3  4  5  6  7  8  9 |
---------------+----------------------------+-----
Spellcasting   | 2 3 4 5 7 8 |  8.1
Conjurations   | 4 5 7 8 |  8.0
Fighting       | 3 5 |  5.0
Evocations     | 5 |  5.0
Dodging        | |  1.7
Stealth        | |  1.7

Action                   |  1- 3 |  4- 6 |  7- 9 || total
-------------------------+-------+-------+-------++-------
Melee: Flail             |       |    10 |    16 ||    26
Throw: Javelin           |       |       |     1 ||     1
 Cast: Magic Dart        |    73 |   136 |   133 ||   342
       Searing Ray       |     5 |    15 |    56 ||    76
       Iskenderun's Myst |       |       |     3 ||     3
Evoke: Piece from Xom's  |       |       |     1 ||     1
Armor: Robe              |     5 |    13 |    19 ||    37
       Steam dragon scal |       |       |     9 ||     9
Dodge: Dodged            |     4 |    26 |    41 ||    71
